AoeStats
← thiago.sensy

Arabia

504569380Analyzed
3v3 RM · 26d ago on Sep 5, 2026· 46m 18s· 6 players
Game mode
Random Map
Map size
Normal (6 player)
Population
200
Speed
Normal
Resources
Standard
Victory
Conquest
Starting age
Dark Age
Ending age
Imperial Age
RankedLock teamsTeams togetherTeam positionsShared explorationLock speedFull tech treeHidden civsTurbo modeCheats
Victory
Defeat
🇨🇿 Gurjaras · Czechia
1062
+15
🇨🇿 Franks · Czechia
1054
+16
🇨🇿 Magyars · Czechia
1016
+17
🇨🇦 Mongols · Canada
1072
-17
🇧🇷 Franks · Brazil
1036
-16
🇸🇪 Maya · Sweden
1022
-15
dteeuwsen17
8:41 Feudal Age
9:32 Loom
11:00 Wheelbarrow
12:50 Bloodlines
22:29 Castle Age
20:58 Fletching
21:35 Double-Bit Axe
21:33 Horse Collar
22:14 Padded Archer Armor
23:45 Gold Mining
23:59 Heavy Plow
24:12 Bow Saw
24:25 Bodkin Arrow
25:35 Husbandry
27:50 Leather Archer Armor
29:32 Ballistics
30:01 Thumb Ring
32:44 Stone Mining
33:31 Gold Shaft Mining
37:42 Imperial Age
39:48 Chemistry
38:52 Bracer
39:15 Conscription
40:24 Elite Mangudai
43:01 Light Cavalry
43:49 Scale Barding Armor
43:54 Forging
AnzPriz
0:30 Loom
12:03 Feudal Age
13:15 Double-Bit Axe
16:17 Castle Age
16:23 Fletching
24:04 Bow Saw
26:07 Crossbowman
26:37 Horse Collar
28:01 Bodkin Arrow
29:22 Padded Archer Armor
32:07 Pikeman
32:48 Squires
35:08 Leather Archer Armor
35:14 Thumb Ring
38:24 Forging
38:15 Scale Mail Armor
44:31 Wheelbarrow
47:33 Imperial Age
thiago.sensy
7:27 Loom
11:09 Feudal Age
15:29 Gold Mining
15:30 Double-Bit Axe
18:28 Wheelbarrow
22:38 Castle Age
24:32 Bow Saw
26:39 Gold Shaft Mining
29:09 Husbandry
30:45 Stone Mining
41:49 Imperial Age
44:41 Chemistry
Georg_von_Mahren
10:59 Feudal Age
11:46 Double-Bit Axe
14:26 Horse Collar
22:14 Castle Age
20:57 Scale Barding Armor
22:24 Bloodlines
24:02 Bow Saw
24:56 Chain Barding Armor
26:04 Heavy Plow
32:33 Imperial Age
30:21 Gold Mining
30:42 Husbandry
30:58 Masonry
32:04 Town Watch
32:55 Wheelbarrow
32:50 Cavalier
36:23 Corvinian Army
38:00 Plate Barding Armor
39:10 Town Patrol
40:06 Hand Cart
VelkyChobot
6:45 Loom
9:49 Feudal Age
11:19 Double-Bit Axe
11:10 Man-at-Arms
16:05 Wheelbarrow
15:38 Gold Mining
21:02 Castle Age
20:34 Scale Barding Armor
21:40 Forging
23:30 Bow Saw
24:14 Chain Barding Armor
29:39 Husbandry
30:59 Fletching
34:42 Imperial Age
34:04 Scale Mail Armor
38:47 Plate Barding Armor
37:36 Cavalier
40:16 Iron Casting
46:22 #83
Kompot
7:42 Loom
10:52 Feudal Age
16:06 Double-Bit Axe
18:27 Castle Age
18:11 Horse Collar
18:28 Gold Mining
20:04 Husbandry
20:50 Bow Saw
22:23 Bloodlines
24:24 Wheelbarrow
24:46 Scale Barding Armor
25:57 Forging
26:51 Heavy Plow
27:09 Scale Mail Armor
27:30 Chain Barding Armor
27:37 Stone Mining
28:26 Iron Casting
30:43 Stone Shaft Mining
30:57 Hand Cart
30:28 Town Watch
34:16 Gold Shaft Mining
38:03 Fletching
40:46 Imperial Age
39:06 Bodkin Arrow
40:52 Heavy Camel Rider
42:41 Plate Barding Armor
42:46 Ballistics
42:22 Murder Holes
42:31 Light Cavalry
43:32 Hussar
Connection lost

Rejoining the realm…

Still unreachable

The connection could not be restored.

Session expired

The server has moved on; the page needs a fresh start.